 Dungeon Sprint DCSS version 0.24-a0-535-gbb0d440 (webtiles) character file.

Game seed: 2086717373554533431

27063 stupendous the Peltast (level 13, -1/111 HPs)
             Began as a Formicid Fighter on Aug 9, 2019.
             Was a High Priest of Okawaru.
             Killed by an exploding ball lightning (5 damage)
             ... created by Lom Lobon
             ... in the Dungeon (Sprint I: "Red Sonja").
             The game lasted 00:47:12 (7008 turns).

stupendous the Peltast (Formicid Fighter)           Turns: 7008, Time: 00:47:13

Health: -1/111     AC: 26    Str: 25    XL:     13   Next: 62%
Magic:  0/17       EV: 17    Int: 10    God:    Okawaru [*****.]
Gold:   1725       SH: 26    Dex: 17    Spells: 12/12 levels left

rFire    . . .     SeeInvis +   e - +0 sword of Power
rCold    + . .     Gourm    .   g - +0 large shield {rPois}
rNeg     . . .     Faith    .   s - +2 plate armour {rC+}
rPois    +         Spirit   .   (helmet unavailable)
rElec    .         Reflect  .   c - +0 cloak {rPois}
rCorr    .         Harm     .   m - +0 pair of gloves
MR       ++...                  v - +2 pair of boots "Ebarina" {Dex+3 Stlth+}
Stlth    ..........             (no amulet)
HPRegen  0.28/turn              q - ring of protection from magic
MPRegen  0.15/turn              t - +5 ring of strength

@: heroism, finesse
A: permanent stasis, dig shafts and tunnels, four strong arms, antennae 3,
blurry vision 1, subdued magic 1
a: Dig, Heroism, Finesse, Renounce Religion


You were in the Dungeon.
You worshipped Okawaru.
Okawaru was extremely pleased with you.
You were not hungry.

You visited 1 branch You collected 3841 gold pieces.
You spent 2116 gold pieces at shops.

Inventory:

Hand Weapons
 e - the +0 sword of Power (weapon)
   (You bought it in a shop in the Dungeon)
 r - a +1 great sword of holy wrath
 w - a +4 scimitar of holy wrath
 y - a +2 great sword of flaming
Armour
 c - a +0 cloak of poison resistance (worn)
 g - a +0 large shield of poison resistance (worn)
 l - a +4 ring mail of fire resistance
 m - a +0 pair of gloves (worn)
 s - a +2 plate armour of cold resistance (worn)
 v - the +2 pair of boots "Ebarina" (worn) {Dex+3 Stlth+}
   (Okawaru gifted it to you in the Dungeon)

   It affects your dexterity (+3).
   It makes you more stealthy.
Jewellery
 p - the amulet "Ytaameeg" {Inacc rElec rC+}
   (You found it in the Dungeon)

   [amulet of inaccuracy]

   It reduces the accuracy of all your attacks.
   It protects you from cold.
   It insulates you from electricity.
 q - a ring of protection from magic (left hand)
 t - a +5 ring of strength (right hand)
Scrolls
 a - a scroll of holy word {unknown}
 d - 4 scrolls of remove curse {unknown}
 k - a scroll of blinking
 u - a scroll of enchant armour
 x - a scroll of random uselessness {unknown}
Potions
 b - 2 potions of cancellation
 h - a potion of haste
 i - 2 potions of magic
 j - a potion of berserk rage
Comestibles
 f - 5 rations


   Skills:
 * Level 13.2(18.2) Fighting
 - Level 20.5(25.5) Long Blades
 + Level 11.9(16.9) Armour
 + Level 9.7(14.7) Dodging
 - Level 20.7(25.7) Shields
 - Level 5.6 Invocations


You had 12 spell levels left.
You didn't know any spells.
Your spell library was empty.

Dungeon Overview and Level Annotations

Branches:
Dungeon (1/1)

Altars:
Cheibriados
Dithmenos
Elyvilon
Fedhas
Gozag
Hepliaklqana
Kikubaaqudgha
Makhleb
Nemelex Xobeh
Okawaru
Qazlal
Ru
Sif Muna
Trog
Uskayaw
Vehumet
Wu Jian
Xom
Yredelemnul
Zin
The Shining One
Jiyva
Lugonu

Shops:
D }:==%%*[(?=?=%((((([:

Annotations:
D Lom Lobon, Tiamat


Innate Abilities, Weirdness & Mutations

You cannot be hasted, slowed, berserked, paralysed or teleported.
You can dig through walls and to a lower floor.
Your four strong arms can wield two-handed weapons with a shield.
You have a pair of large antennae on your head. (SInv)
Scrolls take you a little longer to read.
Your spells are a little easier to cast, but a little less powerful.


Message History

You feel better.
The ball lightning explodes!
The blast of lightning engulfs Lom Lobon.
Lom Lobon completely resists.
The blast of lightning engulfs you!
* * * LOW HITPOINT WARNING * * *
The blast of lightning engulfs the ball lightning.
The ball lightning completely resists.
Lom Lobon hits you!
* * * LOW HITPOINT WARNING * * *
You feel your power leaking away.
Unknown command.
Unknown command.
Okay, then.
You hit Lom Lobon.
Lom Lobon is heavily wounded.
You miss Lom Lobon.
Lom Lobon is heavily wounded.
The ball lightning explodes!
The blast of lightning engulfs Lom Lobon.
Lom Lobon completely resists.
The blast of lightning engulfs you.
You die...

○.°°#....##..##..#..§###§##
.○).'.....##).[#.#..≈.)..#
#^°.#^....#..###.#..≈.##+#
#.°○###''##.##...#..≈##§§§
#^○###..###..#'###..≈#..§§§
#^.####..###...#.≈..##...§^.
##'#°°#[.#.###.#.≈..#§§.§§D§.
##.#.........#.###..#§§. }D.§
####...○.....#.#@'..# .§ ...
#(.'...○..####'#&##'#
#####...###..).#.#≈≈≈#
#).(#####...####.#≈≈≈≈#
#.........###°.°.#≈≈≈≈≈#
[.....#####.^.○####≈≈≈≈#
)....## §○°°§§ #'≈≈≈' ....##
°.°{° .##≈≈#≈ ....# °°.&°


You could see Lom Lobon.

Vanquished Creatures
  A daeva (D)
  4 fire giants (D)
  A deep elf annihilator (D)
  A lorocyproca (D)
  A mummy priest (D)
  A hydra (D)
  2 centaur warriors (D)
  Sonja (D)
  A deep troll (D)
  7 unseen horrors (D)
  A lindwurm (D)
  2 oklob plants (D)
  8 shining eyes (D)
  A merfolk siren (D)
  2 kobold demonologists (D)
  A gargoyle (D)
  4 demonic crawlers (D)
  A hellwing (D)
  A meliai (D)
  4 hornets (D)
  A slime creature (D)
  Sigmund (D)
  2 redbacks (D)
  A yak (D)
  13 hogs (D)
  7 floating eyes (D)
  7 necrophages (D)
  An ogre (D)
  8 jellies (D)
  Ijyb (D)
  3 ballistomycetes (D)
90 creatures vanquished.

Vanquished Creatures (others)
  the Lernaean hydra (D)
  A deep elf master archer (D)
  A merfolk siren (D)
  A gargoyle (D)
  A hornet (D)
  5 ball lightnings (D)
  2 ballistomycete spores (D)
12 creatures vanquished.

Grand Total: 102 creatures vanquished

Notes
Turn   | Place    | Note
-------+----------+-------------------------------------------
     0 | D        | stupendous the Formicid Fighter began the quest for the
                  | Orb.
     0 | D        | Reached XP level 1. HP: 18/18 MP: 1/1
     1 | D        | Noticed Ijyb
    31 | D        | Killed Ijyb
    31 | D        | Reached XP level 2. HP: 10/26 MP: 2/2
    31 | D        | Reached XP level 3. HP: 12/31 MP: 3/3
   225 | D        | Noticed an ogre
   235 | D        | Killed an ogre
   235 | D        | Reached skill level 5 in Long Blades
   235 | D        | Reached XP level 4. HP: 16/38 MP: 4/4
   235 | D        | Reached XP level 5. HP: 18/43 MP: 5/5
   415 | D        | Found a glowing silver altar of Zin.
   415 | D        | Found a white marble altar of Elyvilon.
   415 | D        | Found a bloodstained altar of Trog.
   415 | D        | Found a blossoming altar of Fedhas.
   415 | D        | Found an iron altar of Okawaru.
   415 | D        | Found a stormy altar of Qazlal.
   415 | D        | Found a glowing golden altar of the Shining One.
   415 | D        | Found Souc's Jewellery Emporium.
   415 | D        | Found an ancient bone altar of Kikubaaqudgha.
   415 | D        | Found a hide-covered altar of Uskayaw.
   415 | D        | Found a hazy altar of Hepliaklqana.
   415 | D        | Found a basalt altar of Yredelemnul.
   415 | D        | Found a snail-covered altar of Cheibriados.
   415 | D        | Found an opulent altar of Gozag.
   415 | D        | Found a sacrificial altar of Ru.
   415 | D        | Found a sparkling altar of Nemelex Xobeh.
   415 | D        | Found a shadowy altar of Dithmenos.
   415 | D        | Noticed a yak
   417 | D        | Became a worshipper of Warmaster Okawaru
   424 | D        | Killed a yak
   424 | D        | Reached XP level 6. HP: 26/49 MP: 6/6
   569 | D        | Noticed Sigmund
   589 | D        | Killed Sigmund
   589 | D        | Reached * piety under Okawaru
   589 | D        | Reached XP level 7. HP: 48/55 MP: 7/7
   638 | D        | Found a shimmering blue altar of Sif Muna.
   639 | D        | Found an ornate altar of the Wu Jian Council.
   640 | D        | Found a radiant altar of Vehumet.
   644 | D        | Reached skill level 1 in Invocations
   651 | D        | Found a viscous altar of Jiyva.
   651 | D        | Found a corrupted altar of Lugonu.
   651 | D        | Noticed a slime creature
   662 | D        | Killed a slime creature
   663 | D        | Found a burning altar of Makhleb.
   663 | D        | Found a shimmering altar of Xom.
   710 | D        | Noticed a kobold demonologist
   711 | D        | Noticed a red devil
   711 | D        | Noticed a kobold demonologist
   726 | D        | Killed a kobold demonologist
   726 | D        | Reached ** piety under Okawaru
   726 | D        | Reached XP level 8. HP: 43/61 MP: 6/8
   732 | D        | Killed a kobold demonologist
   732 | D        | Reached skill level 15 in Long Blades
   889 | D        | Noticed a centaur warrior
   891 | D        | Noticed a centaur warrior
   914 | D        | Killed a centaur warrior
   914 | D        | Reached *** piety under Okawaru
   914 | D        | Reached XP level 9. HP: 5/66 MP: 6/9
   919 | D        | Killed a centaur warrior
  1207 | D        | Noticed a hornet
  1221 | D        | Killed a hornet
  1221 | D        | Reached XP level 10. HP: 49/73 MP: 10/10
  1369 | D        | Noticed an oklob plant
  1468 | D        | Killed an oklob plant
  1468 | D        | Reached **** piety under Okawaru
  1924 | D        | Noticed an unseen horror
  1939 | D        | Noticed an unseen horror
  1952 | D        | Killed an unseen horror
  1966 | D        | Killed an unseen horror
  2223 | D        | Reached skill level 1 in Dodging
  2301 | D        | Reached ***** piety under Okawaru
  2304 | D        | Reached skill level 5 in Fighting
  2304 | D        | Reached skill level 5 in Armour
  2510 | D        | Reached XP level 11. HP: 80/80 MP: 12/14
  2533 | D        | Found Weys's Antique Armour Shoppe.
  2533 | D        | Found Yvimofyo's General Store.
  2533 | D        | Found Ruaram's Antique Weapon Boutique.
  2535 | D        | Found Gaddavicuj's Magic Scroll Emporium.
  2535 | D        | Found Duegighu's Jewellery Shop.
  2535 | D        | Found Nohew's Magic Scroll Shoppe.
  2535 | D        | Found Kawej's Jewellery Boutique.
  2535 | D        | Found Aniysiott's Food Emporium.
  2535 | D        | Found Xutystru's Antique Weapon Shop.
  2535 | D        | Found Kamoghys's Antique Weapon Shoppe.
  2539 | D        | Found Xagitt's Antique Weapon Boutique.
  2540 | D        | Bought a scroll of identify for 28 gold pieces
  2541 | D        | Found Vaas's Weapon Emporium.
  2541 | D        | Found Kanliokla's Weapon Boutique.
  2542 | D        | Found Kiang's Book Emporium.
  2552 | D        | Bought the +0 sword of Power for 800 gold pieces
  2552 | D        | Found the +0 sword of Power
  2558 | D        | Bought a ration for 50 gold pieces
  2565 | D        | Bought a shiny large shield for 142 gold pieces
  2630 | D        | Noticed Sonja
  2643 | D        | Killed Sonja
  2643 | D        | Reached skill level 10 in Shields
  2874 | D        | Noticed a deep troll
  2882 | D        | Killed a deep troll
  2882 | D        | Reached skill level 5 in Invocations
  2906 | D        | Found Ugumojecip's Armour Emporium.
  2947 | D        | Bought a glowing plate armour for 494 gold pieces
  3033 | D        | Received a gift from Okawaru
  3300 | D        | Noticed a lindwurm
  3317 | D        | Killed a lindwurm
  3491 | D        | Noticed a lorocyproca
  3507 | D        | Killed a lorocyproca
  3507 | D        | Reached skill level 15 in Shields
  4091 | D        | Reached XP level 12. HP: 72/87 MP: 16/16
  4158 | D        | Noticed a daeva
  4163 | D        | Noticed a 12-headed hydra
  4171 | D        | Killed an 18-headed hydra
  4187 | D        | Noticed a deep elf annihilator
  4444 | D        | Killed the 27-headed Lernaean hydra
  4645 | D        | Killed a deep elf master archer
  4992 | D        | Noticed a shadow dragon
  4992 | D        | Noticed a golden dragon
  4994 | D        | Noticed a mummy priest
  5000 | D        | Killed a deep elf annihilator
  5003 | D        | Got a glittering tin amulet
  5286 | D        | Found Rerhoomige's Gadget Boutique.
  5321 | D        | Received a gift from Okawaru
  5368 | D        | Gained mutation: Your spells are a little easier to cast,
                  | but a little less powerful. [a shining eye]
  5371 | D        | Reached skill level 5 in Dodging
  5376 | D        | Gained mutation: Scrolls take you a little longer to read.
                  | [a shining eye]
  5425 | D        | Found Siekaz's Book Shoppe.
  5425 | D        | Found Neuvu's Jewellery Emporium.
  5426 | D        | Found Miboogass's Food Shop.
  5426 | D        | Found Plog's Food Boutique.
  5429 | D        | Bought a ration for 50 gold pieces
  5429 | D        | Bought a ration for 50 gold pieces
  5438 | D        | Bought a +5 ring of strength for 412 gold pieces
  5438 | D        | Identified the amulet "Ytaameeg" {Inacc rElec rC+} (You
                  | found it in the Dungeon)
  5497 | D        | Bought a scroll of enchant armour for 90 gold pieces
  5567 | D        | Noticed an unseen horror
  5589 | D        | Killed a daeva
  5589 | D        | Reached ****** piety under Okawaru
  5589 | D        | Received a gift from Okawaru
  5594 | D        | Killed an unseen horror
  5594 | D        | Reached XP level 13. HP: 56/100 MP: 10/17
  5597 | D        | Got a pair of dazzling boots {god gift}
  5768 | D        | Identified the +2 pair of boots "Ebarina" {Dex+3 Stlth+}
                  | (Okawaru gifted it to you in the Dungeon)
  5813 | D        | Reached skill level 10 in Fighting
  5813 | D        | Reached skill level 10 in Armour
  5834 | D        | Noticed a fire giant
  5844 | D        | Killed a fire giant
  5945 | D        | Noticed a fire giant
  5945 | D        | Noticed a fire giant
  6005 | D        | Killed a fire giant
  6276 | D        | Killed a fire giant
  6407 | D        | Noticed a fire giant
  6422 | D        | Killed a fire giant
  6445 | D        | Identified the +4 dragonskin cloak
  6445 | D        | Noticed Tiamat
  6504 | D        | Noticed a jiangshi
  6523 | D        | Killed a mummy priest
  6906 | D        | Noticed Lom Lobon
  7006 | D        | HP: 4/111 [Lom Lobon (13)]
  7008 | D        | Killed by an exploding ball lightning

Levels and vault maps discovered:
D:        dungeon_sprint_1 [red_sonja_temple_1, red_sonja_temple_small_1]

Skill      XL: |  1  2  3  4  5  6  7  8  9 10 11 12 13 |
---------------+----------------------------------------+-----
Fighting       | 4 5 6 9 13 | 13.2
Long Blades    | 3 5 8 11 14 17 18 20 | 20.5
Armour         | 4 5 6 9 11 | 11.9
Shields        | 4 7 9 17 20 | 20.7
Invocations    | 1 4 5 |  5.6
Dodging        | 2 4 6 9 |  9.7

Action                   |  1- 3 |  4- 6 |  7- 9 | 10-12 | 13-15 || total
-------------------------+-------+-------+-------+-------+-------++-------
Melee: Long sword        |    38 |    25 |    64 |   139 |       ||   266
       Great sword       |       |       |       |   231 |    74 ||   305
Invok: Heroism           |       |       |     3 |     7 |     2 ||    12
       Finesse           |       |       |       |     3 |     2 ||     5
 Abil: Dig               |       |     1 |       |     5 |     1 ||     7
  Use: Potion            |     1 |       |     2 |       |     5 ||     8
       Scroll            |       |       |       |     2 |       ||     2
  Eat: Chunk             |       |       |     1 |       |       ||     1
       Ration            |       |       |       |     4 |     2 ||     6
Armor: Scale mail        |    12 |       |       |       |       ||    12
       Ring mail         |       |     2 |    13 |    21 |       ||    36
       Plate armour      |       |       |       |   107 |    13 ||   120
Dodge: Dodged            |     7 |     6 |    23 |    72 |    22 ||   130
Block: Shield            |    17 |     7 |    47 |    47 |       ||   118
       Large shield      |       |       |       |   164 |    61 ||   225
       Rpst.: Long sword |     4 |     3 |     5 |    12 |       ||    24
       Great sword       |       |       |       |     4 |     9 ||    13

Table legend:
 A = Non-vault XP
 B = Vault XP
 C = Vault XP percentage of total XP
 D = Non-vault monster count
 E = Vault monster count
 F = Vault count percentage of total count
                 A         B        C        D         E       F
            +---------+---------+-------+---------+---------+-------
      Total |       0 |   38662 | 100.0 |       0 |      87 | 100.0
            +---------+---------+-------+---------+---------+-------
          D |       0 |   38662 | 100.0 |       0 |      87 | 100.0
            +---------+---------+-------+---------+---------+-------
